 Dungeon Crawl Stone Soup version 0.31-a0-7-g51783674b7 (webtiles) character file.

Game seed: 17880128702584681251

67 Pimp the Firebug (level 3, -2/26 HPs)
             Began as a Draconian Fire Elementalist on May 5, 2023.
             Slain by Sigmund
             ... wielding a +0 scythe
              (3 damage)
             ... on level 2 of the Dungeon.
             The game lasted 00:03:30 (1548 turns).

Pimp the Firebug (Draconian Fire Elementalist)      Turns: 1548, Time: 00:03:31

Health: -2/26      AC:  5    Str: 10    XL:     3   Next: 98%
Magic:  6/6        EV: 12    Int: 17    God:
Gold:   59         SH:  0    Dex: 11    Spells: 3/6 levels left

rFire   . . .        d - +0 short sword
rCold   . . .        (no shield)
rNeg    . . .        (body armour unavailable)
rPois   .            (helmet restricted)
rElec   .            (no cloak)
rCorr   .            (no gloves)
SInv    .            (no boots)
Will    +....        (no amulet)
Stlth   +            (no ring)
HPRegen 0.24/turn    (no ring)
MPRegen 0.10/turn

%: no passive effects
@: confused
A: AC +5, unfitting armour, cold-blooded, antennae 1, strong-willed 1, mutation
resistance 1, screaming 1
a: no special abilities


You were on level 2 of the Dungeon.
You visited 1 branch of the dungeon, and saw 2 of its levels.

You collected 59 gold pieces.

Inventory:

Hand Weapons
 d - a +0 short sword (weapon)
Scrolls
 b - a scroll of blinking {unknown}
 e - a scroll of teleportation {unknown}
 f - a scroll of poison {unknown}
 g - a scroll of amnesia {unknown}
 h - 2 scrolls of identify {unknown}


   Skills:
 + Level 2.3 Dodging
 + Level 2.4 Stealth
 + Level 2.4 Spellcasting
 + Level 1.8 Conjurations
 + Level 3.4 Fire Magic


You had 3 spell levels left.
You knew the following spells:

 Your Spells              Type           Power      Damage    Failure   Level
a - Foxfire               Conj/Fire      44%        2x1d6     6%          1
b - Scorch                Fire           26%        2d6       7%          2

Your spell library contained the following spells:

 Spells                   Type           Power      Damage    Failure   Level
 Inner Flame              Hex/Fire       7%         N/A       28%         3
 Volatile Blastmotes      Fire/Tloc      14%        2d11      28%         3
 Flame Wave               Conj/Fire      11%        2d6       52%         4


Dungeon Overview and Level Annotations

Branches:
Dungeon (2/15)

Altars:

Annotations:
D:2 Sigmund


Innate Abilities, Weirdness & Mutations

Your plain brown scales are hard. (AC +5)
You cannot fit into any form of body armour.
You are cold-blooded and may be slowed by cold attacks.
You have a pair of small antennae on your head.
You are strong-willed. (Will+)
You are somewhat resistant to further mutation.
You occasionally shout uncontrollably at your foes.


Message History

Sigmund flickers and vanishes!
Deactivating autopickup; reactivate with Ctrl-A.
Casting: Scorch (safe; 7% risk of failure)
Confirm with . or Enter, or press ? or * to list all spells.
Flames lash the endoplasm.
You kill the endoplasm!
You feel sick.
You feel sick.
You feel sick.
You feel sick.
You are no longer poisoned.
You are confused.
You bump into the rock wall.
Something hits you!
Your magical contamination has completely faded away.
You're too confused to cast spells.
You're too confused to move!
Something hits you.
You're too confused to cast spells.
Sorry, you're not good enough to have a special ability.
You bump into the rock wall.
Something hits you.
* * * LOW HITPOINT WARNING * * *
You're too confused to cast spells.
Sorry, you're not good enough to have a special ability.
You're too confused to cast spells.
Sorry, you're not good enough to have a special ability.
You're too confused to cast spells.
Magic courses through your body.
You feel less confused. Something hits you.
* * * LOW HITPOINT WARNING * * *
It was a potion of curing.
You feel better. Something hits you.
You hear some strange, mumbled words.
You are confused.
It was a potion of mutation.
You feel extremely strange.
You feel the urge to shout. A pair of antennae grows on your head!
You feel strong-willed.
You feel genetically stable. Something hits you!
* * * LOW HITPOINT WARNING * * *
Something hits you.
You die...

#....#
#......####..#
######
#......#.....#
#........###.#
#........# #.#
#........# #.#
#........# #..
#........# #..
#........# #.##
#....@...# .#
#####{##.#
#.##.# #.##.###
##......#
#.....#.#
#.#####.#
..[#####'##....#
........(...# ##


There were no monsters in sight!

Vanquished Creatures
  2 adders (D:2)
  2 worms (D:2)
  2 dart slugs (D:1)
  5 bats
  2 endoplasms
  2 giant cockroaches (D:1)
  4 goblins
  A hobgoblin (D:1)
  8 kobolds
  4 ball pythons
  2 frilled lizards (D:1)
  5 rats
39 creatures vanquished.

Vanquished Creatures (collateral kills)
  A foxfire (D:1)
1 creature vanquished.

Vanquished Creatures (others)
  24 foxfires
  30 plants (D:1)
54 creatures vanquished.

Grand Total: 94 creatures vanquished

Notes
Turn   | Place    | Note
-------+----------+-------------------------------------------
     0 | D:1      | Pimp the Draconian Fire Elementalist began the quest for
                  | the Orb.
     0 | D:1      | Reached XP level 1. HP: 14/14 MP: 3/3
    93 | D:1      | Reached XP level 2. HP: 18/20 MP: 5/5
   735 | D:1      | Reached XP level 3. HP: 26/26 MP: 3/6
  1216 | D:2      | Learned a level 2 spell: Scorch
  1528 | D:2      | Noticed Sigmund
  1547 | D:2      | Gained mutation: You occasionally shout uncontrollably at
                  | your foes. [potion of mutation]
  1547 | D:2      | Gained mutation: You have a pair of small antennae on your
                  | head. [potion of mutation]
  1547 | D:2      | Gained mutation: You are strong-willed. (Will+) [potion of
                  | mutation]
  1547 | D:2      | Gained mutation: You are somewhat resistant to further
                  | mutation. [potion of mutation]
  1547 | D:2      | HP: 1/26 [something (10)]
  1548 | D:2      | Slain by Sigmund

Illustrated notes

Levels and vault maps discovered:
D:1:      lordsloth_arrival_two_stooges, layout_basic, serial_aquarium,
          aquarium_bridge_island_small [aquarium_subvault_small_open,
          aquarium_subvault_wall, aquarium_subvault_bridge,
          aquarium_subvault_bridge, aquarium_subvault_bridge],
          aquarium_bridge_straight [aquarium_subvault_bridge,
          aquarium_subvault_wall, aquarium_subvault_bridge,
          aquarium_subvault_wall], aquarium_window_1,
          aquarium_window_corridor_2, aquarium_window_fake, aquarium_view_2e,
          aquarium_pool_1, serial_bayou_lagoon_a
D:2:      layout_basic, uniq_sigmund

Skill      XL: |  1  2 |
---------------+-------+-----
Stealth        | 2 |  2.4
Dodging        | 2 |  2.3
Spellcasting   | |  2.4
Conjurations   | |  1.8
Fire Magic     | |  3.4

Action                     || total
---------------------------++-------
  Melee: Short sword       ||   108
         Tailslap          ||    14
         Punch             ||     1
   Cast: Foxfire           ||    17
         Scorch            ||     7
    Use: Potion            ||     4
   Stab: Sleeping          ||     3
 Armour: Skin              ||    40
  Dodge: Dodged            ||    79

Table legend: (Time is in decaauts)
 A = Elapsed time spent in this place.
 B = Non-inter-level travel time spent in this place.
 C = Inter-level travel time spent in this place.
 D = Time resting spent in this place.
 E = Time spent auto-exploring this place.
 F = Levels seen in this place.
 G = Mean time per level.
                   A        B        C        D        E       F      G
               +--------+--------+--------+--------+--------+-----+--------+
         Total |   1558 |   1532 |     26 |    117 |   1066 |   2 |  779.0 |
       Dungeon |   1558 |   1532 |     26 |    117 |   1066 |   2 |  779.0 |
               +--------+--------+--------+--------+--------+-----+--------+

Top non-repeatable levels by time:
     D:1: 1024 daAuts
     D:2: 533 daAuts
